 Dungeon Crawl Stone Soup version 0.31-a0-188-g5e087ee2ca (webtiles) character file.

Game seed: 1610169057743506633

116 qw the Skirmisher (level 4, -1/25 HPs)
             Began as a Deep Elf Hunter on June 22, 2023.
             Killed from afar by an orc wizard (9 damage)
             ... with a puff of flame
             ... on level 3 of the Dungeon.
             The game lasted 00:00:52 (2257 turns).

qw the Skirmisher (Deep Elf Hunter)                 Turns: 2257, Time: 00:00:53

Health: -1/25      AC:  5    Str: 10    XL:     4   Next: 69%
Magic:  6/6        EV: 12    Int: 14    God:
Gold:   136        SH:  0    Dex: 18    Spells: 3/3 levels left

rFire   . . .        Y - +0 shortbow
rCold   . . .        (shield currently unavailable)
rNeg    . . .        c - +0 leather armour
rPois   .            e - +0 helmet
rElec   .            (no cloak)
rCorr   .            g - +0 pair of gloves
SInv    .            (no boots)
Will    .....        (no amulet)
Stlth   ++           (no ring)
HPRegen 0.24/turn    (no ring)
MPRegen 0.10/turn

%: no passive effects
@: no status effects
A: no striking features
a: no special abilities


You were on level 3 of the Dungeon.
You visited 1 branch of the dungeon, and saw 3 of its levels.

You collected 158 gold pieces.
You spent 22 gold pieces at shops.


   Skills:
 - Level 1.5 Fighting
 + Level 8.1 Ranged Weapons
 - Level 2.4 Dodging
 - Level 1.2 Stealth


You had 3 spell levels left.
You didn't know any spells.
Your spell library was empty.

Inventory:

Hand Weapons
 Y - a +0 shortbow (weapon)
Armour
 c - a +0 leather armour (worn)
 e - a +0 helmet (worn)
 g - a +0 pair of gloves (worn)
Jewellery
 b - a ring of ice
Scrolls
 a - 2 scrolls of identify
Potions
 d - a potion of magic {unknown}
 f - a potion of lignification {unknown}

Dungeon Overview and Level Annotations

Branches:
Dungeon (3/15)

Altars:

Shops:
D:3 *


Message History

An orc wizard comes into view. It is wielding a +0 dagger.
You shoot an arrow. The arrow barely misses the orc.
The orc wizard shouts!
The arrow hits the orc wizard.
The orc wizard is moderately wounded.
You shoot an arrow. The arrow hits the orc.
The orc is moderately wounded.
The orc wizard gestures wildly while chanting.
The orc wizard flickers and vanishes!
Deactivating autopickup; reactivate with Ctrl-A.
An orc priest comes into view. It is wielding a +0 short sword.
You shoot an arrow. The arrow hits the orc.
The orc is heavily wounded.
You shoot an arrow.
The arrow hits the orc but does no damage.
The orc is heavily wounded.
The orc priest casts a cantrip, but nothing happens.
A quokka comes into view.
You shoot an arrow.
The arrow hits the orc but does no damage.
The orc is heavily wounded.
You shoot an arrow. The arrow hits the orc.
You kill the orc!
A puff of flame appears from out of thin air!
The puff of flame hits you.
You shoot an arrow.
The arrow closely misses the orc priest.
The arrow barely misses the quokka.
You shoot an arrow.
You hear some strange, mumbled words.
A magic dart appears from out of thin air!
The magic dart hits you.
The orc priest calls down the wrath of Beogh upon you.
Beogh smites you!
You shoot an arrow. The arrow hits the orc priest.
The orc priest is heavily wounded.
You hear some strange, mumbled words.
A puff of flame appears from out of thin air!
The puff of flame hits you!
You die...

.....#..#.#
....#...#<#...##
..........#.....
#########.#...#
..######..#.%.#
#......)......#
#..........####
#..........########.####
#...............@{or....
#.........7########.....
#..........# ##.
#.......7.\#
############


You could see an orc priest and a quokka.

Vanquished Creatures
  4 adders (D:2)
  A worm (D:2)
  3 dart slugs (D:1)
  2 orcs (D:3)
  11 endoplasms
  A giant cockroach (D:2)
  6 goblins
  6 hobgoblins
  2 jackals (D:1)
  5 quokkas
  A ball python (D:3)
  5 bats
  4 frilled lizards
  7 kobolds
  4 rats
62 creatures vanquished.

Notes
Turn   | Place    | Note
-------+----------+-------------------------------------------
     0 | D:1      | qw the Deep Elf Hunter began the quest for the Orb.
     0 | D:1      | Reached XP level 1. HP: 12/12 MP: 3/3
     0 | D:1      | 0 ||| qw: Version: 0.3-a-9-g12657ce
     0 | D:1      | 0 ||| qw: Game counter: 2729
     0 | D:1      | 0 ||| qw: Always use a shield: true
     0 | D:1      | 0 ||| qw: God list: Okawaru
     0 | D:1      | 0 ||| qw: Allow faded altars: false
     0 | D:1      | 0 ||| qw: Do Orc after D:15 true
     0 | D:1      | 0 ||| qw: Do second Lair branch before Depths: true
     0 | D:1      | 0 ||| qw: Lair rune preference: random
     0 | D:1      | 0 ||| qw: Plans: Normal
     0 | D:1      | 0 ||| PLANNING D:1-11
   135 | D:1      | Reached skill level 6 in Ranged Weapons
   135 | D:1      | Reached XP level 2. HP: 16/16 MP: 4/4
   264 | D:1      | 264 ||| FLEEEEING.
   265 | D:1      | 265 ||| FLEEEEING.
   393 | D:1      | Reached XP level 3. HP: 20/20 MP: 5/5
   883 | D:1      | 883 ||| UPGRADING to +0 pair of gloves.
   888 | D:1      | 888 ||| READING scroll labelled WURODE NUCS.
   889 | D:1      | 889 ||| READING scroll labelled VUSIZU FAADU.
   890 | D:1      | 890 ||| READING scroll labelled CERUUKHLONI.
   895 | D:1      | 895 ||| DROPPING scroll of butterflies.
   956 | D:2      | Reached skill level 7 in Ranged Weapons
  1076 | D:2      | 1076 ||| Stepping ~*~*~tactically~*~*~ (water).
  1158 | D:2      | 1158 ||| Stepping ~*~*~tactically~*~*~ (water).
  1203 | D:2      | Reached XP level 4. HP: 23/25 MP: 6/6
  1792 | D:2      | Reached skill level 8 in Ranged Weapons
  2027 | D:2      | 2027 ||| UPGRADING to +0 helmet.
  2032 | D:2      | 2032 ||| READING 2 scrolls labelled NUGEUV HUKARPH.
  2033 | D:2      | 2033 ||| READING 2 scrolls labelled SIOTHR HAYSA.
  2034 | D:2      | 2034 ||| READING scroll labelled UPUVE ETWOCU.
  2035 | D:2      | 2035 ||| DROPPING scroll of revelation.
  2037 | D:2      | 2037 ||| Stepping ~*~*~tactically~*~*~ (cloud).
  2041 | D:2      | HP: 6/25 [poisoned by you (poison gas)]
  2046 | D:2      | HP: 2/25 [poisoned by you (poison gas)]
  2192 | D:3      | Found Edutial's General Store.
  2240 | D:3      | 2240 ||| SHOPLISTING ring of resist corrosion (220 gold,
                  | have 158).
  2240 | D:3      | 2240 ||| BUYING scroll of identify (22 gold).
  2240 | D:3      | Bought a scroll of identify for 22 gold pieces
  2257 | D:3      | Killed from afar by an orc wizard

Levels and vault maps discovered:
D:1:      saegor_arrival_simple_b, layout_basic, hangedman_feature_mirror
D:2:      layout_basic, serial_rivers, chequers_serial_rivers_micro_e,
          chequers_serial_rivers_small_3, chequers_serial_rivers_marsh,
          chequers_serial_rivers_small_3, chequers_serial_rivers_small_b,
          chequers_serial_rivers_micro_b
D:3:      layout_rooms, serial_shops, nicolae_shop_advertising_works
          [nicolae_subvault_shop_adworks], shop, shop, shop,
          nicolae_shop_pleasant_corner_grove

Skill      XL: |  1  2  3  4 |
---------------+-------------+-----
Ranged Weapons | 6 7 8 |  8.1
Fighting       | |  1.5
Dodging        | |  2.4
Stealth        | |  1.2

Action                     |  1- 3 |  4- 6 || total
---------------------------+-------+-------++-------
   Fire: Shortbow          |   137 |    54 ||   191
    Use: Scroll            |     3 |     3 ||     6
 Armour: Leather armour    |    19 |     1 ||    20
  Dodge: Dodged            |    31 |    12 ||    43

Table legend:
 A = Non-vault XP
 B = Vault XP
 C = Vault XP percentage of total XP
 D = Non-vault monster count
 E = Vault monster count
 F = Vault count percentage of total count
                 A         B        C        D         E       F
            +---------+---------+-------+---------+---------+-------
      Total |     166 |       0 |   0.0 |      62 |       0 |   0.0
            +---------+---------+-------+---------+---------+-------
        D:1 |      59 |       0 |   0.0 |      30 |       0 |   0.0
        D:2 |      94 |       0 |   0.0 |      26 |       0 |   0.0
        D:3 |      13 |       0 |   0.0 |       6 |       0 |   0.0
            +---------+---------+-------+---------+---------+-------
